[Event "fics rated crazyhouse match"]
[Site "fics, Oklahoma City, OK USA"]
[Date "2000.11.26"]
[White "LINDEGREN"]
[WhiteElo "2395"]
[Black "Gobi"]
[BlackElo "2338"]
[TimeControl "60+0"]
[Result "1-0"]

1. e4 Nc6 2. Nc3 Nf6 3. Nf3 e6 4. e5 Ng4 5. d4 d6 6. exd6 
cxd6 7. Bb5 Bd7 8. O-O a6 9. Bd3 Nb4 10. Bg5 P@f6 11. Bf4 Rc8 
12. h3 Nxd3 13. cxd3 Ne5 14. dxe5 dxe5 15. Bh2 Bb4 16. Ne4 Bc6 17. N@h5 
Rg8 18. P@h6 Bxe4 19. dxe4 gxh6 20. B@d7+ Ke7 21. Nxf6 Kxf6 22. N@h5+ Ke7 
23. P@f6+ Kf8 24. Bxe5 N@e2+ 25. Qxe2 Qxd7 26. P@e7+ Bxe7 27. fxe7+ Qxe7 28. B@f6 
Qxf6 29. Bxf6 Rxg2+ 30. Kxg2 
{Gobi forfeits on time} 1-0

[Event "fics rated crazyhouse match"]
[Site "fics, Oklahoma City, OK USA"]
[Date "2000.11.26"]
[White "Gobi"]
[WhiteElo "2331"]
[Black "LINDEGREN"]
[BlackElo "2402"]
[TimeControl "60+0"]
[Result "0-1"]

1. Nf3 Nf6 2. Nc3 Nc6 3. d4 d5 4. Bg5 e6 5. a3 Be7 6. Bxf6 
Bxf6 7. e3 B@h5 8. Be2 O-O 9. N@f4 Bxf3 10. Bxf3 N@h4 11. O-O Qe7 
12. Nfxd5 exd5 13. Nxd5 Qd8 14. Nxf6+ Qxf6 15. P@e5 Qg6 16. B@g3 Nxf3+ 17. Qxf3 
B@e4 18. N@f4 Bxf3 19. Nxg6 N@h3+ 20. Kh1 Bxg2+ 21. Kxg2 Q@e4+ 22. f3 Qxg6 
23. B@e4 P@f5 24. Bxc6 N@h4+ 25. Kxh3 f4+ 26. P@g4 N@g5+ 27. Kxh4 Nxf3+ 28. Bxf3 
Qh6+ 29. B@h5 P@g5+ 30. Kh3 Qxh5+ 31. Kg2 B@h3+ 32. Kg1 Bcxg4 33. N@e7+ Kh8 
34. Bxg4 Bxg4 35. B@f6 B@h6 36. Rf2 P@g2 
{Gobi forfeits on time} 0-1

[Event "fics rated crazyhouse match"]
[Site "fics, Oklahoma City, OK USA"]
[Date "2000.11.26"]
[White "LINDEGREN"]
[WhiteElo "2408"]
[Black "Gobi"]
[BlackElo "2325"]
[TimeControl "60+0"]
[Result "0-1"]

1. e4 Nf6 2. Nc3 e5 3. Nf3 Nc6 4. Bc4 Bc5 5. O-O O-O 6. d3 
d6 7. Be3 Bxe3 8. fxe3 Ng4 9. B@g5 B@e7 10. Bxe7 Nxe7 11. B@h4 Nxe3 
12. Qe2 B@b6 13. Kh1 Bg4 14. Bxe7 Qxe7 15. N@d5 Nxd5 16. Nxd5 Qd8 17. N@e7+ 
Kh8 18. Nxb6 axb6 19. B@g5 f6 20. Bxf6 Rxf6 21. Nf5 N@f4 22. Qd2 P@h3 
23. gxh3 Bxh3 24. Rg1 P@g2+ 25. Rxg2 Bxg2+ 26. Qxg2 Nxg2 27. B@g3 Nf4 28. P@g2 
N@h5 29. Bxf4 exf4 30. N@f7+ Rxf7 31. Bxf7 N@f2+ 32. Kg1 R@h1+ 33. Kxf2 B@e3+ 
34. Nxe3 fxe3+ 35. Kxe3 N@f4 
{LINDEGREN forfeits on time} 0-1

[Event "fics rated crazyhouse match"]
[Site "fics, Oklahoma City, OK USA"]
[Date "2000.11.26"]
[White "Gobi"]
[WhiteElo "2335"]
[Black "LINDEGREN"]
[BlackElo "2398"]
[TimeControl "60+0"]
[Result "1-0"]

1. e4 Nf6 2. Nc3 Nc6 3. Nf3 d5 4. exd5 Nxd5 5. Bb5 e6 6. O-O 
Nf4 7. d4 Nxg2 8. Kxg2 Bd7 9. P@g3 P@g4 10. Ng5 Nxd4 11. Bxd7+ Qxd7 
12. N@e5 B@f3+ 13. Ngxf3 gxf3+ 14. Kh3 h5 15. B@h6 P@g4+ 16. Kh4 Nf5+ 17. Kxh5 
Qxd1 18. Rxd1 P@g6+ 19. Kxg4 Q@h5+ 20. Kf4 Qxh6+ 21. Kxf3 N@h4+ 22. Ke2 B@h5+ 
23. P@f3 Bxf3+ 24. Nxf3 Bd6 25. P@d7+ Ke7 26. gxh4 P@e4 27. Nxe4 
{LINDEGREN forfeits on time} 1-0

[Event "fics rated crazyhouse match"]
[Site "fics, Oklahoma City, OK USA"]
[Date "2000.11.26"]
[White "LINDEGREN"]
[WhiteElo "2389"]
[Black "Gobi"]
[BlackElo "2344"]
[TimeControl "60+0"]
[Result "1-0"]

1. e4 Nf6 2. Nc3 e5 3. Nf3 Bb4 4. Bc4 d6 5. d3 O-O 6. O-O 
c6 7. Bg5 Nbd7 8. Ne2 Ba5 9. Ng3 h6 10. Bh4 Nb6 11. Nf5 Bxf5 
12. exf5 d5 13. Bb3 Re8 14. B@g6 N@d6 15. Bxf7+ Kxf7 16. P@g6+ Kf8 17. Re1 
Nxf5 18. Bxf6 Qxf6 19. N@h7+ Ke7 20. Nxf6 gxf6 21. Q@f7+ Kd8 22. Nxe5 N@d6 
23. Qxf6+ P@e7 24. Nf7+ Kc7 25. Qe5 B@d4 26. Nxd6 Bxe5 27. Nxe8+ Rxe8 28. N@e6+ 
Kb8 29. P@c7+ Bxc7 30. Nxc7 P@h3 31. B@f3 hxg2 32. Na6# 
{Gobi forfeits on time} 1-0

[Event "fics rated crazyhouse match"]
[Site "fics, Oklahoma City, OK USA"]
[Date "2000.11.26"]
[White "Gobi"]
[WhiteElo "2337"]
[Black "LINDEGREN"]
[BlackElo "2396"]
[TimeControl "60+0"]
[Result "1-0"]

1. e4 Nf6 2. Nc3 Nc6 3. Bb5 d5 4. e5 Ne4 5. Nf3 e6 6. O-O 
Bd7 7. Bxc6 Bxc6 8. d3 Nxc3 9. bxc3 B@h5 10. N@d4 Be7 11. Rb1 Bd7 
12. Rxb7 N@f5 13. Nxf5 exf5 14. P@f6 Rg8 15. fxe7 Qxe7 16. Rxc7 Bxf3 17. Qxf3 
Qxe5 18. B@f4 N@e2+ 19. Kh1 Nxf4 20. Bxf4 P@e2 21. Re1 P@d2 22. Bxd2 Qxc7 
23. Qxe2+ B@e4 24. dxe4 fxe4 25. B@f4 P@e5 26. N@b5 Qd8 27. Bxe5 N@h3 28. N@c7+ 
Kf8 29. B@a3+ R@e7 30. P@f6 gxf6 31. Bxf6 P@b4 32. Bxb4 Rxg2 33. Bbxe7+ Kg8 
34. Bxd8 
{LINDEGREN forfeits on time} 1-0

[Event "fics rated crazyhouse match"]
[Site "fics, Oklahoma City, OK USA"]
[Date "2000.11.26"]
[White "LINDEGREN"]
[WhiteElo "2387"]
[Black "Gobi"]
[BlackElo "2346"]
[TimeControl "60+0"]
[Result "0-1"]

1. e4 Nf6 2. Nc3 e6 3. e5 Nd5 4. Nxd5 exd5 5. d4 d6 6. Nf3 
Nc6 7. Bb5 Bd7 8. Qe2 N@e6 9. Bxc6 Bxc6 10. exd6 Bxd6 11. P@f5 P@e4 
12. fxe6 fxe6 13. Ng5 P@f7 14. Nxf7 Kxf7 15. N@g5+ Qxg5 16. Bxg5 N@f5 17. N@h6+ 
Nxh6 18. Bxh6 gxh6 19. N@e5+ Bxe5 20. dxe5 B@b4+ 21. B@c3 Bxc3+ 22. bxc3 B@g7 
23. P@f6 Bf8 24. B@e7 N@f5 25. Bxf8 Rhxf8 26. B@g7 Rfe8 27. Bxh6 N@h4 28. N@g5+ 
Kg6 29. Q@f7+ Kxh6 30. Qxh7+ Kxg5 31. Qhh5+ Kf4 32. Qxh4+ Kxe5 33. P@d4+ Kd6 
34. P@e5+ Kd7 35. Qh7+ P@e7 36. N@c5+ Kc8 37. fxe7 Nxe7 38. Qd2 Nf5 39. Qe2 
Bd7 40. Qd2 Kb8 41. Kf1 a6 42. Kg1 Ka7 43. Nxd7 N@f3+ 44. gxf3 N@h3+ 
45. Kf1 exf3 
{LINDEGREN forfeits on time} 0-1

[Event "fics rated crazyhouse match"]
[Site "fics, Oklahoma City, OK USA"]
[Date "2000.11.26"]
[White "Gobi"]
[WhiteElo "2355"]
[Black "LINDEGREN"]
[BlackElo "2378"]
[TimeControl "60+0"]
[Result "0-1"]

1. Nf3 Nf6 2. Nc3 Nc6 3. e3 d5 4. Be2 e5 5. d4 e4 6. Ne5 
Bd6 7. f4 exf3 8. Nxf3 P@e4 9. Ng5 O-O 10. P@g3 h6 11. Nh3 Bxh3 
12. gxh3 N@f3+ 13. Bxf3 exf3 14. N@h4 B@e4 15. O-O Nh5 16. B@f2 Ne7 17. Nxf3 
Ng6 18. P@e5 Be7 19. g4 Nf6 20. exf6 Bxf6 21. N@f5 Bxf3 22. Qxf3 P@e4 
23. Nxe4 dxe4 24. Qxe4 N@g5 25. Qg2 N@e7 26. Nxe7+ Bxe7 27. B@d3 N@f3+ 28. Kh1 
c5 29. P@h5 cxd4 30. hxg6 fxg6 31. Bxg6 P@h7 32. Bxh7+ Kxh7 33. P@g6+ Kh8 
34. h4 B@e4 35. Qh3 Nxh3 36. P@g2 Ne1 
{Gobi forfeits on time} 0-1

[Event "fics rated crazyhouse match"]
[Site "fics, Oklahoma City, OK USA"]
[Date "2000.11.26"]
[White "LINDEGREN"]
[WhiteElo "2385"]
[Black "Gobi"]
[BlackElo "2348"]
[TimeControl "60+0"]
[Result "0-1"]

1. e4 Nf6 2. Nc3 d5 3. exd5 Nxd5 4. Nf3 e6 5. d4 Bb4 6. Bd2 
P@a3 7. Nxd5 Bxd2+ 8. Qxd2 axb2 9. Rd1 exd5 10. Bb5+ Bd7 11. Qe3+ P@e4 
12. Bxd7+ Nxd7 13. N@h5 N@f5 14. Nxg7+ Nxg7 15. B@h3 N@f5 16. Bxf5 Nxf5 17. Qg5 
Qxg5 18. Nxg5 B@c3+ 19. P@d2 Bxd4 20. O-O P@g3 21. P@e6 gxf2+ 22. Rxf2 Bxf2+ 
23. Kh1 O-O-O 24. Q@a8+ B@b8 25. P@c6 B@a6 26. exd7+ Rxd7 27. cxd7+ Kxd7 28. N@c5+ 
Bxc5 29. N@e5+ Ke7 30. R@d7+ Kf6 31. Rxf7+ Kxe5 32. B@g3+ Kd4 33. c3+ Kc4 
34. P@d3+ Kxd3 35. Rg1 Kc2 
{LINDEGREN forfeits on time} 0-1

[Event "fics rated crazyhouse match"]
[Site "fics, Oklahoma City, OK USA"]
[Date "2000.11.26"]
[White "Gobi"]
[WhiteElo "2357"]
[Black "LINDEGREN"]
[BlackElo "2376"]
[TimeControl "60+0"]
[Result "1-0"]

1. e4 e6 2. Nc3 Nc6 3. Nf3 d5 4. Be2 Nf6 5. e5 Ng4 6. d4 
Bb4 7. O-O Qe7 8. Nb5 a6 9. Nxc7+ Qxc7 10. c3 Be7 11. P@d6 Bxd6 
12. exd6 Qxd6 13. B@g3 Qd7 14. Ne5 Ngxe5 15. dxe5 P@c7 16. N@h5 Rg8 17. Bh6 
N@e4 18. Bxg7 P@g6 19. Bd3 gxh5 20. Bxe4 f6 21. exf6 N@f7 22. Bxh7 Kd8 
23. Bxg8 N@e8 24. P@e7+ Nxe7 25. fxe7+ Qxe7 26. R@f8 Bd7 27. Rxf7 Qc5 28. P@e7+ 
Kc8 29. N@d3 Qc6 30. N@e5 Qd6 31. P@c5 Kb8 32. cxd6 Bc6 33. Nd7+ Bxd7 
34. dxc7+ Ka7 35. Q@c5+ b6 36. Qxb6+ Kxb6 37. P@c5+ Kb7 38. N@d8+ Ka7 39. P@b6# 
{LINDEGREN checkmated} 1-0

[Event "fics rated crazyhouse match"]
[Site "fics, Oklahoma City, OK USA"]
[Date "2000.11.26"]
[White "LINDEGREN"]
[WhiteElo "2368"]
[Black "Gobi"]
[BlackElo "2365"]
[TimeControl "60+0"]
[Result "1-0"]

1. e4 d5 2. Nc3 d4 3. Bc4 e6 4. Nce2 Nf6 5. d3 Nc6 6. Nf3 
Be7 7. O-O O-O 8. h3 e5 9. Bb5 Nd7 10. Ng3 Rb8 11. Bxc6 bxc6 
12. Nf5 B@g6 13. N@h4 Bxh4 14. N3xh4 Re8 15. B@g5 Nf6 16. Bxf6 Qxf6 17. N@g4 
Qd8 18. Nxg7 Kxg7 19. P@f6+ Kh8 20. Bh6 Bxg4 21. Bg7+ Kg8 22. Qxg4 B@h5 
23. Qg5 N@e2+ 24. Kh2 N@e6 25. Qg3 N@d7 26. B@e7 Nxg3 27. fxg3 
{Gobi forfeits on time} 1-0

[Event "fics rated crazyhouse match"]
[Site "fics, Oklahoma City, OK USA"]
[Date "2000.11.26"]
[White "Gobi"]
[WhiteElo "2357"]
[Black "LINDEGREN"]
[BlackElo "2376"]
[TimeControl "60+0"]
[Result "1-0"]

1. e4 Nf6 2. Nc3 Nc6 3. Bb5 d5 4. e5 Ne4 5. d3 Nxc3 6. bxc3 
e6 7. Nf3 Bd7 8. Rb1 a6 9. Bxc6 Bxc6 10. N@d4 B@b6 11. O-O Be7 
12. Nxc6 bxc6 13. B@b7 O-O 14. Bxc6 N@g4 15. P@d4 f6 16. h3 Nxe5 17. dxe5 
P@e4 18. dxe4 dxe4 19. Bxe4 Qxd1 20. Rxd1 P@f5 21. Bxa8 Rxa8 22. P@e3 B@e2 
23. exf6 Bxf3 24. N@h6+ Kh8 25. R@g8# 
{LINDEGREN resigns} 1-0

[Event "fics rated crazyhouse match"]
[Site "fics, Oklahoma City, OK USA"]
[Date "2000.11.26"]
[White "LINDEGREN"]
[WhiteElo "2368"]
[Black "Gobi"]
[BlackElo "2365"]
[TimeControl "60+0"]
[Result "0-1"]

1. e4 Nf6 2. Nc3 e5 3. Nf3 Nc6 4. Bc4 Bc5 5. O-O O-O 6. d3 
h6 7. Be3 d6 8. Bxc5 dxc5 9. h3 B@h5 10. B@f5 Bxf5 11. exf5 Nd4 
12. B@e2 Nxe2+ 13. Qxe2 Bxf3 14. Qxf3 N@d4 15. Qd1 Nxf5 16. B@g4 Nd4 17. N@g6 
Nxg4 18. Qxg4 B@f5 19. N@e7+ Kh7 20. Nxf8+ Qxf8 21. Qxf5+ Nxf5 22. B@g8+ Qxg8 
23. Nxg8 B@f4 24. R@h1 N@h4 25. Ne4 Rxg8 26. Q@g4 P@f3 27. Bxf7 N@e2# 
{LINDEGREN checkmated} 0-1

[Event "fics rated crazyhouse match"]
[Site "fics, Oklahoma City, OK USA"]
[Date "2000.11.26"]
[White "Gobi"]
[WhiteElo "2373"]
[Black "LINDEGREN"]
[BlackElo "2360"]
[TimeControl "60+0"]
[Result "1-0"]

1. e4 Nf6 2. Nc3 Nc6 3. d4 d5 4. e5 Ne4 5. Nf3 e6 6. Bd2 
Bb4 7. Bd3 Bxc3 8. Bxc3 Nxc3 9. bxc3 B@b2 10. N@a4 Bxa1 11. Qxa1 N@e4 
12. O-O R@g6 13. B@h5 O-O 14. c4 Bd7 15. cxd5 exd5 16. P@b5 P@g4 17. Bxe4 
dxe4 18. Nd2 Rg5 19. N@g3 Nxd4 20. Qxd4 Bxb5 21. Qxd8 Rfxd8 22. Ndxe4 P@e2 
23. Nxe2 Bxe2 24. Nxg5 N@h3+ 25. gxh3 Q@g2+ 26. Kxg2 B@f3+ 27. Kg3 P@f4+ 28. Kxf4 
Rd4+ 29. P@e4 Rxe4+ 30. Nxe4 P@g5+ 31. Nxg5 
{LINDEGREN forfeits on time} 1-0

[Event "fics rated crazyhouse match"]
[Site "fics, Oklahoma City, OK USA"]
[Date "2000.11.26"]
[White "LINDEGREN"]
[WhiteElo "2352"]
[Black "Gobi"]
[BlackElo "2381"]
[TimeControl "60+0"]
[Result "1-0"]

1. e4 Nf6 2. Nc3 d6 3. e5 a6 4. exf6 gxf6 5. Nf3 Rg8 6. d4 
Bf5 7. d5 Nd7 8. Nd4 P@e6 9. Nxf5 exf5 10. B@e6 fxe6 11. dxe6 N@e5 
12. Bc4 Bg7 13. P@f7+ Kf8 14. exd7 Rh8 15. N@e6+ Kxf7 16. Nxd8+ Kg6 17. Q@h5# 
{Gobi checkmated} 1-0

[Event "fics rated crazyhouse match"]
[Site "fics, Oklahoma City, OK USA"]
[Date "2000.11.26"]
[White "Gobi"]
[WhiteElo "2372"]
[Black "LINDEGREN"]
[BlackElo "2361"]
[TimeControl "60+0"]
[Result "0-1"]

1. Nf3 Nf6 2. g3 Nc6 3. Bg2 d5 4. d3 e6 5. Nbd2 Bd6 6. O-O 
e5 7. h3 O-O 8. e4 dxe4 9. Nxe4 Nxe4 10. dxe4 P@g4 11. hxg4 Bxg4 
12. P@h3 Bxf3 13. Bxf3 Nd4 14. P@c3 Nxf3+ 15. Qxf3 N@g6 16. N@f5 B@g5 17. Bxg5 
Qxg5 18. B@c1 N@h4 19. Qd3 P@f4 20. Nxh4 Nxh4 21. B@h1 fxg3 22. fxg3 Bc5+ 
23. P@d4 Bxd4+ 24. cxd4 P@e2 25. Qxe2 Qxg3+ 26. Bg2 N@f3# 
{Gobi forfeits on time} 0-1

[Event "fics rated crazyhouse match"]
[Site "fics, Oklahoma City, OK USA"]
[Date "2000.11.26"]
[White "LINDEGREN"]
[WhiteElo "2369"]
[Black "Gobi"]
[BlackElo "2364"]
[TimeControl "60+0"]
[Result "1-0"]

1. e4 e6 2. Nc3 Bc5 3. d4 Bb4 4. Nf3 d5 5. exd5 exd5 6. Bb5+ 
c6 7. Qe2+ P@e6 8. P@h6 Nxh6 9. Bxh6 gxh6 10. N@g7+ Kf8 11. Nh5 Rg8 
12. Bd3 P@g6 13. Nf4 B@h8 14. O-O Nd7 15. Ne5 Nxe5 16. dxe5 N@d4 17. Qd1 
Bxe5 18. N@h3 Bxf4 19. Nxf4 e5 20. B@e3 Nf5 21. Bxf5 Bxf5 22. Ncxd5 cxd5 
23. Nxd5 B@e7 24. Nxe7 Bxe7 25. Qxd8+ Rxd8 26. Bxh6+ P@g7 27. Bxg7+ Rxg7 28. Q@h8+ 
Q@g8 29. Qxg8+ Rxg8 30. B@h6+ B@g7 31. Bxg7+ Rxg7 32. Q@h8+ Q@g8 33. Qxg8+ Kxg8 
34. N@h6+ Kh8 35. B@e3 Rdg8 36. P@f6 N@h3+ 37. Kh1 Bxf6 38. Nxf5 B@f4 39. B@h6 
Bxe3 40. Bxe3 
{Gobi forfeits on time} 1-0

[Event "fics rated crazyhouse match"]
[Site "fics, Oklahoma City, OK USA"]
[Date "2000.11.26"]
[White "Gobi"]
[WhiteElo "2356"]
[Black "LINDEGREN"]
[BlackElo "2377"]
[TimeControl "60+0"]
[Result "0-1"]

1. Nc3 e6 2. Nf3 b6 3. e4 Bb7 4. Be2 Nf6 5. d3 d5 6. e5 
Nfd7 7. O-O Nc6 8. Bf4 Be7 9. d4 O-O 10. h3 a6 11. Bg3 f6 
12. exf6 Bxf6 13. P@e5 Be7 14. Nh2 Qe8 15. Ng4 Nd8 16. f4 Nf7 17. f5 
exf5 18. Rxf5 P@e6 19. Rf2 Ng5 20. P@h6 Rxf2 21. Bxf2 R@f7 22. hxg7 Rxg7 
23. P@f6 Nxf6 24. exf6 Rg6 25. N@h6+ Kh8 26. fxe7 Qxe7 27. B@e5+ P@g7 28. Bd3 
P@f5 29. Nxf5 exf5 30. Bxf5 Nxh3+ 31. gxh3 P@e3 32. P@g2 exf2+ 33. Nxf2 B@e3 
34. Bxg6 Bxf2+ 35. Kxf2 P@e3+ 36. Kxe3 hxg6 37. B@f4 B@h6 38. Kd2 Bxf4+ 39. Bxf4 
N@c4+ 40. Kc1 B@e3+ 41. Kb1 Bxf4 42. R@h7+ Kxh7 43. P@f5 Kg8 44. fxg6 N@d2+ 
45. Qxd2 Nxd2+ 46. Kc1 R@e1# 
{Gobi forfeits on time} 0-1

[Event "fics rated crazyhouse match"]
[Site "fics, Oklahoma City, OK USA"]
[Date "2000.11.26"]
[White "LINDEGREN"]
[WhiteElo "2385"]
[Black "Gobi"]
[BlackElo "2348"]
[TimeControl "60+0"]
[Result "1-0"]

1. e4 Nf6 2. Nc3 Nc6 3. d4 e6 4. Nf3 d5 5. exd5 exd5 6. Bb5 
P@e4 7. Qe2 Be7 8. Bxc6+ bxc6 9. Ne5 Bd7 10. Nxf7 Kxf7 11. N@g5+ Kf8 
12. P@e6 Be8 13. P@f7 B@c4 14. Qd2 N@d6 15. fxe8=Q+ Nfxe8 16. Nf7 Nxf7 17. exf7 
Kxf7 18. N@e5+ Kf8 19. Qf4+ P@f6 20. B@h6 gxh6 21. Qxh6+ P@g7 22. Qh5 fxe5 
23. dxe5 B@g6 24. Qh3 d4 25. Nd1 e3 26. fxe3 d3 27. O-O+ N@f5 28. P@f6 
Nxf6 29. exf6 Bxf6 30. cxd3 
{Gobi forfeits on time} 1-0

[Event "fics rated crazyhouse match"]
[Site "fics, Oklahoma City, OK USA"]
[Date "2000.11.26"]
[White "Gobi"]
[WhiteElo "2341"]
[Black "LINDEGREN"]
[BlackElo "2392"]
[TimeControl "60+0"]
[Result "1-0"]

1. e4 Nf6 2. Nc3 Nc6 3. Bb5 d5 4. e5 Ne4 5. Nf3 e6 6. O-O 
Be7 7. Re1 Nxc3 8. dxc3 Bd7 9. N@h5 Rg8 10. Bd3 N@f5 11. Bxf5 exf5 
12. N@e3 Be6 13. Nf4 B@e4 14. Nd4 Qd7 15. Ndxe6 fxe6 16. B@b5 Bxg2 17. Nexg2 
P@g5 18. Qh5+ g6 19. Qxh7 O-O-O 20. Bxc6 Qxc6 21. N@d4 Qd7 22. Nfxe6 Rh8 
23. Qxg6 N@h3+ 24. Kf1 Nf4 25. Bxf4 gxf4 26. P@c6 bxc6 27. B@a6+ Kb8 28. N@c5 
B@c4+ 29. Bxc4 dxc4 30. Nxd7+ Rxd7 31. Nxc6+ Ka8 32. P@b7+ Kxb7 33. Na5+ Ka6 
34. B@b7+ Kb6 35. Q@a6# 
{LINDEGREN checkmated} 1-0

[Event "fics rated crazyhouse match"]
[Site "fics, Oklahoma City, OK USA"]
[Date "2000.11.26"]
[White "LINDEGREN"]
[WhiteElo "2383"]
[Black "Gobi"]
[BlackElo "2350"]
[TimeControl "60+0"]
[Result "1-0"]

1. e4 Nf6 2. Nc3 e5 3. Nf3 d6 4. Bc4 Be7 5. O-O O-O 6. d3 
Bg4 7. h3 Bxf3 8. Qxf3 Nc6 9. Be3 Nd4 10. Bxd4 exd4 11. Ne2 N@e5 
12. Qg3 Nh5 13. Qh2 Nxc4 14. dxc4 Bf6 15. B@g4 B@e5 16. g3 B@g6 17. f4 
d3 18. cxd3 Bxb2 19. P@f5 Bxa1 20. Rxa1 Bxa1 21. fxg6 hxg6 22. Bxh5 gxh5 
23. N@g5 Qxg5 24. fxg5 N@f3+ 25. Kg2 Nxh2 26. N@e7+ Kh7 27. g6+ fxg6 28. N@g5+ 
Kh6 29. Nf7+ Rxf7 30. B@g5+ Kh7 31. Q@f2 Rxf2+ 32. Kxf2 B@f3 33. Ke3 R@c2 
34. B@d2 Rxd2 35. Kxd2 N@b1+ 36. Ke3 
{Gobi forfeits on time} 1-0

[Event "fics rated crazyhouse match"]
[Site "fics, Oklahoma City, OK USA"]
[Date "2000.11.26"]
[White "Gobi"]
[WhiteElo "2343"]
[Black "LINDEGREN"]
[BlackElo "2390"]
[TimeControl "60+0"]
[Result "0-1"]

1. Nf3 Nf6 2. g3 d6 3. Bg2 Nc6 4. O-O e5 5. d3 h5 6. c4 
Be7 7. Nc3 Nd4 8. Ng5 h4 9. Be3 Nf5 10. Nxf7 Kxf7 11. P@g5 Ng4 
12. Bd5+ N@e6 13. h3 Ngxe3 14. fxe3 g6 15. g4 B@f4 16. exf4 exf4 17. gxf5 
gxf5 18. e4 Kg7 19. exf5 Nxg5 20. N@h5+ Rxh5 21. Qxh5 Nxh3+ 22. Kh2 P@g3+ 
23. Kxh3 N@g5+ 24. Qxg5+ Bxg5 25. R@g6+ Kh7 26. B@h5 Q@h2+ 27. Kg4 Bxf5+ 28. Kxf5 
Qd7+ 29. Ke4 Qf5+ 30. Kd4 Rf8 
{Gobi forfeits on time} 0-1

[Event "fics rated crazyhouse match"]
[Site "fics, Oklahoma City, OK USA"]
[Date "2000.11.26"]
[White "LINDEGREN"]
[WhiteElo "2397"]
[Black "Gobi"]
[BlackElo "2336"]
[TimeControl "60+0"]
[Result "0-1"]

1. e4 Nf6 2. Nc3 c6 3. d4 d5 4. e5 Ne4 5. Nf3 Bf5 6. Be2 
e6 7. O-O Nd7 8. Nxe4 dxe4 9. Ne1 Rc8 10. f3 c5 11. fxe4 Bxe4 
12. N@d6+ Bxd6 13. exd6 Qb6 14. dxc5 Qxc5+ 15. B@e3 Qc6 16. Bf3 Bxf3 17. Qxf3 
Qxf3 18. Nxf3 B@d8 19. P@e7 N@e2+ 20. Kf2 N@e4+ 21. Kxe2 Rxc2+ 22. Bcd2 P@d3+ 
23. Kxd3 Q@c4# 
{LINDEGREN checkmated} 0-1

[Event "fics rated crazyhouse match"]
[Site "fics, Oklahoma City, OK USA"]
[Date "2000.11.26"]
[White "Gobi"]
[WhiteElo "2345"]
[Black "LINDEGREN"]
[BlackElo "2388"]
[TimeControl "60+0"]
[Result "0-1"]

1. e4 e6 2. Nc3 Nf6 3. e5 Nd5 4. Nxd5 exd5 5. d4 Nc6 6. Nf3 
d6 7. Bb5 Bd7 8. Qe2 N@e4 9. O-O Be7 10. Bf4 a6 11. Bxc6 bxc6 
12. exd6 cxd6 13. P@d3 B@g6 14. Rfe1 O-O 15. N@d2 P@g5 16. Bg3 Nxd2 17. Nxd2 
Bf6 18. Bxd6 Re8 19. P@e7 Qa5 20. c3 N@f4 21. Bxf4 gxf4 22. Nb3 Qc7 
23. N@e5 Rxe7 24. Nxg6 hxg6 25. B@e5 N@h4 26. Bxf6 Rxe2 27. Rxe2 Q@h7 28. N@e7+ 
Kh8 29. B@e5 Qxe5 30. Bxg7+ Qexg7 31. Nxg6+ Qhxg6 
{Gobi forfeits on time} 0-1

[Event "fics rated crazyhouse match"]
[Site "fics, Oklahoma City, OK USA"]
[Date "2000.11.26"]
[White "LINDEGREN"]
[WhiteElo "2395"]
[Black "Gobi"]
[BlackElo "2338"]
[TimeControl "60+0"]
[Result "0-1"]

1. e4 e6 2. Nc3 a6 3. d4 d5 4. Nf3 Nc6 5. exd5 exd5 6. Be2 
P@e4 7. Ne5 Nxe5 8. dxe5 N@h4 9. Rg1 Be6 10. P@h6 gxh6 11. N@f6+ Nxf6 
12. exf6 Qxf6 13. Nxd5 Bxd5 14. Qxd5 N@d6 15. N@g4 Qg6 16. B@e5 P@c6 17. Qd1 
Rg8 18. Nf6+ Qxf6 19. Bxf6 N@f3+ 20. Bxf3 Nxf3+ 21. Qxf3 exf3 22. P@d7+ Kxd7 
23. N@e5+ Ke6 24. Q@d7+ Kxf6 25. N@g4+ Rxg4 26. Nxg4+ Kg6 27. gxf3 P@g5 28. P@h5+ 
Kxh5 29. Nf6+ Kg6 
{LINDEGREN forfeits on time} 0-1

[Event "fics rated crazyhouse match"]
[Site "fics, Oklahoma City, OK USA"]
[Date "2000.11.26"]
[White "Gobi"]
[WhiteElo "2347"]
[Black "LINDEGREN"]
[BlackElo "2386"]
[TimeControl "60+0"]
[Result "0-1"]

1. Nc3 Nf6 2. e4 Nc6 3. Bb5 d5 4. e5 Ne4 5. Nf3 e6 6. O-O 
Bd7 7. Qe2 a6 8. Bd3 Nc5 9. Re1 Be7 10. b3 Nxd3 11. cxd3 B@h5 
12. N@f4 Bxf3 13. Qxf3 N@g6 14. Nh5 Rg8 15. Qg3 Ncxe5 16. Rxe5 Nxe5 17. Qxe5 
f6 18. Qg3 R@g6 19. Qe3 Bd6 20. Nxd5 P@d4 21. Qe2 Bc6 22. P@f5 Bxd5 
23. fxg6 hxg6 24. N@f4 Bxf4 25. Nxf4 N@h3+ 26. Nxh3 Qe7 
{Gobi forfeits on time} 0-1

[Event "fics rated crazyhouse match"]
[Site "fics, Oklahoma City, OK USA"]
[Date "2000.11.26"]
[White "LINDEGREN"]
[WhiteElo "2393"]
[Black "Gobi"]
[BlackElo "2340"]
[TimeControl "60+0"]
[Result "1-0"]

1. e4 Nc6 2. Nc3 Nf6 3. d4 e6 4. Nf3 d5 5. exd5 exd5 6. Bb5 
Bd7 7. Qe2+ P@e4 8. Bxc6 Bxc6 9. Ne5 B@e6 10. N@g5 Qd6 11. P@c5 Qe7 
12. Nxe6 Qxe6 13. B@h3 N@f5 14. Nxc6 bxc6 15. B@b7 Rd8 16. Bxf5 Qxf5 17. Bxc6+ 
N@d7 18. N@e5 B@h5 19. f3 exf3 20. gxf3 P@e4 21. Nxd7 Rxd7 22. P@b7 N@b8 
23. Bxd7+ Nfxd7 24. R@c8+ B@d8 25. N@g3 Qxf3 26. Qxf3 Bxf3 27. Rf1 P@g2 28. Rxf3 
exf3 29. Q@e3# 
{Gobi forfeits on time} 1-0

[Event "fics rated crazyhouse match"]
[Site "fics, Oklahoma City, OK USA"]
[Date "2000.11.26"]
[White "Gobi"]
[WhiteElo "2333"]
[Black "LINDEGREN"]
[BlackElo "2400"]
[TimeControl "60+0"]
[Result "0-1"]

1. e4 e6 2. Nc3 Nf6 3. Nf3 Nc6 4. Bb5 d5 5. e5 Ne4 6. O-O 
Bd7 7. Qe2 a6 8. Bxc6 Bxc6 9. d3 B@g4 10. N@d4 Bxf3 11. Qxf3 Nxc3 
12. bxc3 Be7 13. N@h5 Rg8 14. Qg3 N@f5 15. Nxf5 exf5 16. Nxg7+ Kd7 17. N@d4 
Rxg7 18. Qxg7 Qg8 19. Bh6 Qxg7 20. Bxg7 N@h4 21. B@h3 N@g5 22. Q@g3 Nxh3+ 
23. gxh3 N@f3+ 24. Nxf3 Nxf3+ 25. Qxf3 B@e4 26. dxe4 fxe4 27. Qf5+ P@e6 28. N@f6+ 
Bxf6 29. N@c5+ Kc8 30. Qxf6 N@e2+ 31. Kh1 Q@f3+ 32. Qxf3 exf3 33. B@e8 Q@g2# 
{Gobi checkmated} 0-1

[Event "fics rated crazyhouse match"]
[Site "fics, Oklahoma City, OK USA"]
[Date "2000.11.26"]
[White "LINDEGREN"]
[WhiteElo "2406"]
[Black "Gobi"]
[BlackElo "2327"]
[TimeControl "60+0"]
[Result "1-0"]

1. e3 Nf6 2. d4 d5 3. Nf3 Bg4 4. Nc3 e6 5. Be2 Bd6 6. Ne5 
Bxe2 7. Qxe2 O-O 8. B@h4 B@e7 9. O-O Nbd7 10. f4 Ne4 11. Bxe7 Qxe7 
12. Nxe4 dxe4 13. Nxd7 Qxd7 14. B@e5 f6 15. Bxd6 cxd6 16. B@h3 f5 17. N@g5 
B@d5 18. Nxh7 Kxh7 19. Qh5+ B@h6 20. N@g5+ Kh8 21. Bd2 Rf6 22. P@e5 dxe5 
23. dxe5 P@g6 24. Qe2 Rff8 25. P@f6 Bxg5 26. fxg7+ Qxg7 27. fxg5 N@f3+ 28. gxf3 
exf3 29. Rxf3 Bxf3 30. Qxf3 N@h4 31. Qf2 N@f3+ 32. Kh1 N@e4 33. B@g3 Nxf2+ 
34. Bxf2 
{Gobi forfeits on time} 1-0

[Event "fics rated crazyhouse match"]
[Site "fics, Oklahoma City, OK USA"]
[Date "2000.11.26"]
[White "Gobi"]
[WhiteElo "2321"]
[Black "LINDEGREN"]
[BlackElo "2412"]
[TimeControl "60+0"]
[Result "1-0"]

1. Nf3 Nf6 2. Nc3 Nc6 3. e4 d5 4. e5 Ng4 5. Be2 Ngxe5 6. Nxe5 
Nxe5 7. d4 Nc6 8. N@e5 Nxe5 9. dxe5 e6 10. O-O Be7 11. N@h5 Rg8 
12. Be3 N@f5 13. Bg4 N@h6 14. Bxh6 Nxh6 15. Be2 B@g6 16. Nf4 Bd7 17. Ncxd5 
exd5 18. Nxd5 Bc6 19. c4 N@h4 20. N@f4 N6f5 21. Bg4 P@e6 22. Nxe7 Qxe7 
23. P@d5 exd5 24. cxd5 Qxe5 25. dxc6 bxc6 26. B@d7+ Ke7 27. Nd3 Qd6 28. Re1+ 
P@e6 29. B@c5 N@h3+ 30. Bxh3 Kxd7 31. Bxd6 Nf3+ 32. Qxf3 B@d5 33. N@e5+ Kxd6 
34. Q@d7# 
{LINDEGREN checkmated} 1-0